[Event "European Women-ch 2023"]
[Site "Petrovac"]
[Date "2023.03.19"]
[Round "2.18"]
[White "Froewis, Annika"]
[Black "Danielian, Elina"]
[Result "0-1"]
[ECO "C16"]
[WhiteElo "2123"]
[BlackElo "2431"]
[Annotator "TA"]
[PlyCount "106"]
[EventDate "2023.03.15"]
[EventType "swiss"]
[EventCountry "MNE"]
[SourceTitle "playchess.com"]
[Source "ChessBase"]
[SourceQuality "1"]
[TimeControl "40/5400+30:1800+30"]

1. e4 e6 2. d4 d5 3. Nc3 Bb4 4. e5 b6 5. Qg4 Bf8 6. Bb5+ c6 7. Ba4 a5 8. a3 {[%emt 0:04:59] C16: French: 3 Nc3 Bb4 4 e5: Lines without ...c5.} Ba6 9. Nce2 Qd7 {[%emt 0:06:32] [#]} ({Better is} 9... b5 $11 10. Bb3 a4) 10. h4 $146 (10. c3 $1 $14) ({Predecessor:} 10. c3 Ne7 11. Ng3 Bd3 12. N1e2 b5 13. Bd1 c5 14. Nf4 Bf5 15. Qe2 cxd4 16. cxd4 {1-0 Cori Quispe,K (2480)-Garcia Sobrino,D (2211) Pontevedra op-A 6th 2018 (4)}) 10... Bc4 (10... b5 $11 11. Bb3 Qb7) 11. c3 $1 $14 Bd3 12. Qh3 Bc4 13. h5 h6 14. f4 f5 (14... Ne7 $142) 15. exf6 gxf6 16. Nf3 Bd6 17. Nh4 Ne7 18. Bc2 (18. Ng6 {is interesting.} Rg8 19. f5 Nxf5 20. g4) 18... c5 ({Black should try} 18... Rg8 $14) 19. f5 $1 $16 exf5 (19... e5 $16) 20. Nxf5 $18 Nxf5 21. Bxf5 ({And not} 21. Qxf5 Qxf5 22. Bxf5 Nc6 $11) 21... Qe7 22. Qe3 (22. O-O $1 $18) 22... Ra7 (22... Nc6 $14) 23. Rh3 (23. Kf2 $16) 23... Kd8 (23... Nc6 $14) 24. Kf2 Nc6 {[%emt 0:04:00] [#]} 25. Qxe7+ (25. Nf4 $1 $16 ) 25... Rxe7 $11 26. Bd3 Rhe8 27. Bxc4 dxc4 28. Be3 (28. Re3 {simplifies} cxd4 29. Rxe7 Kxe7 30. cxd4 Kd7 31. Bd2) 28... cxd4 29. cxd4 f5 $1 30. Rf3 f4 31. Nxf4 Rxe3 {[%emt 0:01:04][%mdl 64] Remove Defender, Deflection} 32. Rxe3 Bxf4 33. Rxe8+ Kxe8 34. Kf3 Bg5 35. Ke4 Ne7 $1 36. a4 Kd7 37. Rf1 Ke6 38. Rf8 Nd5 39. Re8+ Kd6 {[%emt 0:01:45] ...Nf6+ is the strong threat.} 40. Rb8 Nf6+ 41. Kf5 Kc7 42. Rf8 Nxh5 {[%emt 0:00:15] Threatens to win with ...Nf4.} 43. Ke5 {[%emt 0:03:54] Repels Nf4} Nf4 {[%emt 0:29:44] ...Ng6+ would be deadly.} 44. Ke4 $2 (44. Rf7+ $1 $11 Kc6 45. Rxf4 Bxf4+ 46. Kxf4) 44... Ne6 $2 (44... Nxg2 $19 {White must now prevent ...Ne3.} 45. d5 Nf4) 45. Rf7+ $2 (45. Rg8 $11) 45... Kd6 $19 46. Rb7 $2 {[%emt 0:01:27] [#]} (46. Rf2 $17 {was worth a try.}) 46... Bd8 $1 {[%emt 0:00:43] Strongly threatening ...Kc6.} 47. Ra7 (47. Ke3 $142 Bc7 48. Ke4) 47... Bf6 {[%emt 0:00:31] Black is clearly winning.} 48. Kf5 (48. Rb7 $142 Bxd4 49. Rb8) 48... Bxd4 49. Rh7 Be3 50. g4 Nc5 {[%emt 0:01:04] And now ...Bg5 would win.} 51. Rg7 {[%emt 0:00:33] Dodges Bg5} Nxa4 52. Ke4 Bc1 53. Rg6+ Kc5 {[%emt 0:00:15] Quite a comeback for Black.   Weighted Error Value: White=0.71/Black=0.27 (precise)} 0-1

[Event "European Women-ch 2023"]
[Site "Petrovac"]
[Date "2023.03.19"]
[Round "2.18"]
[White "Popovic, Mateja"]
[Black "Dwilewicz, Katarzyna"]
[Result "0-1"]
[ECO "E33"]
[WhiteElo "1832"]
[BlackElo "2114"]
[Annotator "TA"]
[PlyCount "108"]
[EventDate "2023.03.15"]
[EventType "swiss"]
[EventCountry "MNE"]
[SourceTitle "playchess.com"]
[Source "ChessBase"]
[SourceQuality "1"]
[TimeControl "40/5400+30:1800+30"]

1. d4 Nf6 2. c4 e6 3. Nc3 Bb4 4. Qc2 Nc6 5. Nf3 d6 6. e4 {[%emt 0:02:13] E33: Nimzo-Indian: Classical: 4...Nc6.} Bxc3+ 7. bxc3 e5 8. d5 {[%emt 0:05:31] The position is equal.} Ne7 {[%emt 0:00:58] [#]} 9. c5 $1 O-O 10. Be2 Ng6 (10... Nd7 $5 ) 11. cxd6 cxd6 12. O-O {[%emt 0:03:47] [#]} Bg4 $146 ({Predecessor:} 12... Nd7 13. Ba3 Qe7 14. Nd2 b6 15. Nc4 Nc5 16. Bxc5 bxc5 17. Qa4 Nf4 18. Bf3 f5 {0-1 Collado Barbas,L (2046)-Sanchez Garcia,A (2126) Madrid-ch sf-B 2009 (2)}) 13. h3 Bd7 14. Kh2 Rc8 15. Ba3 Qc7 16. g3 Ne8 17. c4 f5 18. Nd2 Qa5 19. Qb2 f4 20. Nb3 $2 (20. Qxb7 $2 fxg3+ 21. fxg3 Qxd2 $19) (20. Nf3 $1 $11) 20... Qd8 $19 {[%emt 0:09:42] Threatens to win with ...f3.} 21. Nd2 Qg5 {[%emt 0:02:26] Hoping for ...Qh6.} 22. g4 $2 {[%emt 0:02:49] [#]} (22. Nf3 $17 Qh5 23. Ng1 (23. Nh4 $2 f3 $19)) 22... f3 $1 23. Bxf3 Nf4 (23... Nh4 24. Bd1 $17) (23... h5 $142 24. Qxb7 (24. gxh5 $2 Rxf3 {[%mdl 64] Decoy} 25. Nxf3 Qf4+ 26. Kg1 Bxh3 $19) 24... Rc7) 24. Rg1 (24. Qxb7 Nf6 25. Rh1 (25. Bxd6 $2 Qh4 $19) 25... Bxg4 $19) 24... Rf6 (24... Nd3 25. Qc3 Rxf3 26. Nxf3 $14) (24... Qh4 $19 {[%csl Gf4][%cal Rh4h3] is more deadly.} 25. Rg3 h5 26. gxh5 (26. Qxb7 $2 Rf7 $17) 26... Nxh5) 25. Rg3 $17 Rh6 {[%emt 0:01:23] Black is more active.} 26. Bg2 Nf6 $36 {[%emt 0:03:33][%cal Be8f6,Bf6g4,Bg4e3][%mdl 2080] Black has some pressure.} 27. Nf3 $2 (27. Bxd6 $2 Nxg4+ 28. Kh1 Nxf2+ 29. Kh2 Ng4+ 30. Kh1 Nxh3 $19) ({White should play} 27. f3 $15 Ne2 28. Nf1 Nxg3 29. Nxg3) 27... Nxg4+ $19 28. Kg1 Qh5 {[%emt 0:00:48][%cal Oh6g6] And now ...Rg6! would win.} 29. Qxb7 $2 (29. Re1 Nf6 30. h4 (30. Bxd6 $2 Nxg2 {[%mdl 64] Remove Defender} 31. Rxg2 Bxh3 $19) (30. Qxb7 $2 Rg6 $19)) 29... Ne2+ {[%emt 0:00:32] Excellent horsemanship.} 30. Kf1 Nxg3+ 31. fxg3 Ne3+ 32. Kf2 Nxg2 33. Qxd7 Rf8 (33... Rxc4 $2 34. Qd8+ (34. Kxg2 $2 Rc2+ {[%mdl 64] Deflection} 35. Kg1 Qxf3 $19) 34... Kf7 35. Ng5+ $18 (35. Kxg2 $2 Qxh3+ 36. Kf2 Rc2+ 37. Ke3 Rc3+ 38. Kf2 Rf6 $19) (35. Bxd6 Rf6 $11) (35. Kxg2 $2 Qxh3+ 36. Kf2 Rc2+ 37. Ke3 Rc3+ 38. Kf2 Rf6 $19) (35. Bxd6 Rf6 $11)) 34. Qg4 Qxg4 (34... Qxh3 35. Qxh3 Rxh3 36. Kxg2 $18) (34... Qe8 $19 35. Kxg2 Qa4 36. Bxd6 Qc2+ 37. Kg1 (37. Kh1 $2 Rxd6 38. Rg1 Rg6 $19) 37... Rxd6) 35. hxg4 $11 Rhf6 36. Kxg2 Rxf3 37. Bxd6 {[%emt 0:00:09][%mdl 4096] Endgame KRR-KRB} Rf2+ 38. Kg1 R8f3 39. Bxe5 Rc2 40. Re1 Kf7 41. Rb1 Kg6 42. c5 Rxc5 43. Bf4 (43. Kg2 $11 Rf8 44. Bf4) 43... Rd3 ({Better is} 43... Rc2 $17 {[%cal Of3d3] White must now prevent ...Rd3!} 44. d6 Rd3) 44. d6 $2 (44. Rb2 $1 $15) 44... Rc2 $19 {[%emt 0:00:46][%mdl 1024] Black has strong compensation.} 45. Re1 {[%emt 0:02:25] aiming for e5.} Kf6 (45... Rxa2 46. e5 Rc2 47. e6 $18) 46. e5+ Ke6 47. a4 a5 48. g5 Rd4 {[%emt 0:02:49][%cal Oc2a2] ...Ra2! is the strong threat.} 49. Kf1 Rh2 ({Worse is} 49... Rxa4 50. Rd1 Raa2 51. Be3 $19 (51. d7 $2 Rf2+ 52. Kg1 Rg2+ 53. Kf1 Raf2+ 54. Ke1 Rg1+ {[%mdl 64] Skewer} 55. Kxf2 Rxd1 $19)) 50. Kg1 $2 (50. Be3 {was the only chance.} Rd5 51. Bf2) 50... Ra2 {[%emt 0:00:16] Black is clearly winning.} 51. Rc1 Rdxa4 52. Rd1 {[%emt 0:01:08] Intending d7 and mate.} Ra1 53. Bc1 Rc4 $1 (53... Kxe5 $2 54. d7 Rxc1 55. d8=Q $18 (55. d8=R $2 {is the wrong capture.} Rxd1+ 56. Rxd1 Rd4 $19)) 54. d7 Rcxc1 {[%emt 0:00:13] Weighted Error Value: White=0.75/Black=0.34} 0-1

[Event "European Women-ch 2023"]
[Site "Petrovac"]
[Date "2023.03.19"]
[Round "2.19"]
[White "Buksa, Nataliya"]
[Black "Aydin, Gulenay"]
[Result "1-0"]
[ECO "C41"]
[WhiteElo "2405"]
[BlackElo "2039"]
[Annotator "TA"]
[PlyCount "105"]
[EventDate "2023.03.15"]
[EventType "swiss"]
[EventCountry "MNE"]
[SourceTitle "playchess.com"]
[Source "ChessBase"]
[SourceQuality "1"]
[TimeControl "40/5400+30:1800+30"]

1. e4 d6 2. d4 Nf6 3. Nc3 e5 4. Nf3 Nbd7 5. Bc4 Be7 6. O-O O-O 7. Re1 c6 8. a4 h6 {[%emt 0:00:18] The modern move.} 9. h3 Re8 10. a5 {[%emt 0:02:44] C41: Philidor Defence.} Rb8 {[%emt 0:03:05] [#]} 11. b3 $146 ({Predecessor:} 11. Ba2 b5 12. axb6 axb6 13. d5 Bb7 14. dxc6 Bxc6 15. b4 Ra8 16. Qd3 b5 17. Nh4 d5 18. exd5 Nxd5 19. Nxd5 Bxh4 {1-0 Brkic,A (2593)-Bosiocic,M (2625) CRO-ch Vinkovci 2020 (1)}) 11... b5 12. axb6 {[%emt 0:01:25] White is slightly better.} axb6 13. Bb2 (13. d5 $1 $14 b5 14. dxc6 bxc4 15. cxd7 Qxd7 16. bxc4) 13... b5 $11 14. Bd3 Bf8 15. Ne2 Qc7 16. Ng3 Bb7 17. Qd2 g6 18. h4 h5 19. Ng5 Bg7 20. c3 Rbd8 21. Qc2 Qb8 22. Rf1 Nf8 23. dxe5 dxe5 24. c4 Bc8 25. cxb5 (25. Ra5 $5 ) 25... cxb5 26. Qe2 (26. Ra5 $5 ) 26... Bg4 27. Qe3 Ne6 28. Ra5 $1 Nd4 29. Bxd4 exd4 30. Qd2 Bd7 31. Qb4 $2 (31. f4 $14 {stays ahead.}) 31... Qf4 (31... Ng4 $1 $17 {[%cal Og4f2] White must now prevent ...Nxf2!} 32. Qd2 Ne5) 32. Nf3 $15 Ng4 33. Ne2 Qc7 34. Rc1 Qb7 35. Rca1 (35. Nexd4 Bxd4 36. Nxd4 (36. Qxd4 $2 Be6 $17) 36... Qb6 $17) (35. Qd6 $11 {keeps the balance.}) 35... Bf8 (35... Bc6 $17 36. Ng3 Ne5 37. Nxe5 Bxe5) 36. Qd2 $1 $11 (36. Qxd4 $2 Bc6 37. Qc3 Bg7 $19) 36... Bc6 (36... Qb8 {keeps more tension.} 37. Ra7 Bc6 38. Qf4 Bb7) 37. Ra7 $1 Qb8 {[%emt 0:00:11] next ...Bc5 is good for Black.} 38. Ng3 (38. Qf4 $11 Qxf4 39. Nxf4) 38... Bd6 ({Black should play} 38... Bh6 $17 39. Ng5 Ne5) 39. Nxh5 $1 Bxe4 {[%emt 0:01:06] A strong pair of Bishops.} (39... Bh2+ 40. Kf1 Bc7 41. e5 Bxe5 42. Bxg6 (42. R1a6 $2 Rd6 $19) 42... fxg6 43. Qg5 $18) 40. Rxf7 Kxf7 (40... Bh2+ $6 41. Kh1 Kxf7 42. Ng5+ Kg8 43. Nxe4 $17) 41. Bxe4 $1 Bh2+ 42. Kf1 $1 Ne3+ $2 (42... gxh5 $15 43. Qg5 Rxe4 44. Qf5+ Nf6 45. Ng5+ Kg7 46. Nxe4 Nxe4 47. Qxe4 Qd6 48. Ra7+ Rd7 49. Rxd7+ Qxd7) 43. fxe3 $18 gxh5 {[%emt 0:00:37] Black is weak on the light squares} 44. Qc2 $1 Kg7 45. exd4 (45. Qc6 $6 Bd6 $14) (45. Ra6 $18 {Strongly threatening Rg6+.} Bd6 46. Nxd4 Rf8+ 47. Nf5+ Rxf5+ 48. Bxf5) 45... Qf4 $2 {[%emt 0:01:43][%mdl 8192] [#]} (45... Rc8 $11 46. Bc6 Qd6) 46. Ra7+ $1 ({Worse is} 46. Bh7 Kh8 47. Qf5 Qxf5 48. Bxf5 Rf8 $17) (46. Bg6 $2 Rc8 47. Qd3 Rc1+ 48. Rxc1 Qxc1+ 49. Kf2 Rf8 $19) 46... Kf8 {[%emt 0:01:21] [#]} 47. Qc5+ $1 Rd6 48. Bd5 (48. Bg6 $142 Red8 49. Rf7+ (49. Qxh5 Qc1+ 50. Ne1 Qf4+ 51. Nf3 Qc1+ 52. Ne1 Qf4+ 53. Nf3 $11) 49... Qxf7 50. Bxf7 Kxf7 51. Qxh5+ Ke6 52. Nxh2) 48... Bg3 $2 (48... Qe3 49. Rf7+ (49. Nxh2 $2 Qe1#) 49... Kg8 50. Re7+ (50. Nxh2 $2 Qe1#) 50... Kf8 51. Rxe3 Rxe3 52. Ne5 Bxe5 53. dxe5) (48... Re7 49. Qc8+ Re8) 49. Rf7+ {[%emt 0:00:37] White is clearly winning.} (49. Qxb5 $2 Re1#) 49... Qxf7 50. Bxf7 {[%emt 0:00:04][%mdl 64] Discovered Attack} Kxf7 51. Qxh5+ Rg6 52. Ng5+ Kf8 53. Qf3+ {[%emt 0:00:05] A superb game by Buksa.   Weighted Error Value: White=0.30/Black=0.48} (53. Qxg6 $2 Re1#) 1-0

[Event "European Women-ch 2023"]
[Site "Petrovac"]
[Date "2023.03.19"]
[Round "2.19"]
[White "Silva, Ana Ines Teixeira Da"]
[Black "Vidic, Teja"]
[Result "0-1"]
[ECO "B22"]
[WhiteElo "1792"]
[BlackElo "2097"]
[Annotator "TA"]
[PlyCount "124"]
[EventDate "2023.03.15"]
[EventType "swiss"]
[EventCountry "MNE"]
[SourceTitle "playchess.com"]
[Source "ChessBase"]
[SourceQuality "1"]
[TimeControl "40/5400+30:1800+30"]

1. e4 c5 2. c3 Nf6 3. e5 Nd5 4. Nf3 Nc6 5. Bc4 Nb6 6. Bb3 d5 7. exd6 Qxd6 8. O-O {[%emt 0:04:17] 8.0-0 is better than 8.Na3. B22: Sicilian: 2 c3.} Be6 9. Bxe6 Qxe6 10. a4 {[%emt 0:03:39][%cal Ba2a4,Ba4a5,Ba5a6][%mdl 32] The position is equal.} Qd7 11. a5 Nd5 12. a6 b6 13. d4 e6 14. Na3 (14. Ne5 $11 Nxe5 15. dxe5) 14... cxd4 $15 15. Nxd4 {[%emt 0:06:32] [#]} Bc5 $146 ({Predecessor:} 15... Bxa3 16. Rxa3 O-O 17. Nb5 Na5 18. Qa4 Rac8 19. Nd4 Qe7 20. Re1 Rc4 21. Qd1 Rfc8 {½-½ Jones,G (2617)-Iturrizaga Bonelli,E (2636) PRO League Prelim rapid 2023 (1.3)}) 16. Nb3 (16. Nxc6 $11 Qxc6 17. Qe2) 16... Be7 17. c4 Nf6 18. Qf3 Rd8 19. Bf4 {[%emt 0:09:24] [#] aiming for Rfd1.} (19. Nb5 $5 ) 19... O-O (19... e5 $5 20. Rad1 Qe6 21. Rxd8+ Bxd8 $11) 20. Rfd1 {[%emt 0:08:03] Prevents e5} Qc8 21. Nb5 Rxd1+ 22. Qxd1 Rd8 23. Qe2 Rd7 24. Be3 Ne8 25. c5 bxc5 26. Nxc5 Rd5 27. Rc1 {[%emt 0:01:01] [#]} (27. Ne4 $11 {remains equal.} Qb8 28. Nec3) 27... Bxc5 $1 $17 28. Rxc5 Rxc5 29. Bxc5 Qxa6 30. h3 Nc7 $36 {[%emt 0:02:49][%mdl 2048] Black is in control.} 31. Nc3 Qxe2 32. Nxe2 {[%emt 0:00:04][%mdl 4096] Endgame KBN-KNN} f6 33. Nc3 e5 34. Kf1 Ne6 35. Be3 Ned4 36. Ne2 (36. Ke1 $17) 36... Kf7 $19 37. Nxd4 (37. Nc3 {might work better.}) 37... exd4 {[%emt 0:00:54] KB-KN} ({Stronger than} 37... Nxd4 38. Ke1 $17) 38. Bd2 Ke6 {[%emt 0:00:19] ...Kd5 would be deadly.} 39. Ke2 Kd5 {[%emt 0:00:06] And now ...Kc4 would win.} 40. Kd3 g5 41. b3 $2 (41. Kc2) 41... Ne5+ 42. Ke2 Nd7 43. Kd3 Nc5+ 44. Kc2 Ke4 45. f3+ Ke5 46. Bb4 Ne6 47. g3 h5 48. Kd3 h4 (48... f5 $19 {is more deadly. Hoping for ...Kd5.} 49. Be7 Kd5) 49. Be1 hxg3 50. Bxg3+ Kd5 51. b4 $2 (51. h4) 51... a6 52. Bh2 Nd8 {[%emt 0:00:42] ...Nc6 is the strong threat.} 53. Bg3 Nc6 54. Be1 Ne5+ 55. Ke2 Kc4 56. f4 gxf4 {[%emt 0:02:09][%cal Bg5f4,Bf4f3][%mdl 32] Strongly threatening ...f3+.} 57. h4 f3+ {[%emt 0:04:11] Black mates.} 58. Kd2 Ng4 59. h5 f2 60. Bxf2 Nxf2 61. h6 Ne4+ (61... Kxb4 $2 62. h7 $18) 62. Ke2 Ng5 {[%emt 0:00:16] Weighted Error Value: White=0.55/Black=0.09 (flawless)} (62... Kxb4 $2 63. h7 $18) 0-1

[Event "European Women-ch 2023"]
[Site "Petrovac"]
[Date "2023.03.19"]
[Round "2.20"]
[White "Gaboyan, Susanna"]
[Black "Narva, Mai"]
[Result "0-1"]
[ECO "E16"]
[WhiteElo "2160"]
[BlackElo "2389"]
[Annotator "TA"]
[PlyCount "84"]
[EventDate "2023.03.15"]
[EventType "swiss"]
[EventCountry "MNE"]
[SourceTitle "playchess.com"]
[Source "ChessBase"]
[SourceQuality "1"]
[TimeControl "40/5400+30:1800+30"]

1. Nf3 d5 2. g3 b6 3. Bg2 Bb7 4. O-O Nf6 5. d4 e6 6. c4 dxc4 {[%emt 0:04:29] Nowadays more popular than 6...Be7.} 7. Qa4+ {[%emt 0:00:50] E16: Queen's Indian: 4 g3 Bb7 5 Bg2 Bb4+.} Nbd7 8. Qxc4 (8. Ne5 {looks sharper.} Bxg2 9. Kxg2 c5 10. dxc5 Bxc5 11. Rd1) 8... a6 9. Bf4 {[%emt 0:05:13] The position is equal.} c5 10. Nc3 b5 11. Qd3 cxd4 12. Qxd4 ({Much weaker is} 12. Nxd4 Bxg2 13. Kxg2 e5 $17) 12... Bc5 13. Qd3 O-O 14. Bd6 {[%emt 0:07:46] Prevents Qe7} Bxd6 15. Qxd6 Nb6 {[%emt 0:02:24] [#]} 16. Qb4 $146 ({Predecessor:} 16. Qf4 Rc8 17. Rac1 Qe7 18. Rfd1 b4 19. Nb1 a5 20. Ne5 Bxg2 21. Kxg2 Na4 22. Nd3 {½-½ Moradiabadi,E (2558)-Sjugirov,S (2602) GRE-chT Div-A 38th 2010 (1)}) 16... Rc8 17. Rfd1 Qc7 18. a4 Nbd5 19. Nxd5 Nxd5 20. Qd4 b4 21. e4 Nf6 22. Qxb4 ({Better is} 22. e5 $11 Nd5 23. Ng5) 22... Bxe4 $15 23. Nd4 Bxg2 24. Kxg2 Rb8 25. Qc3 {[%emt 0:21:11] [#]} Qb7+ ({Black should play} 25... Qxc3 $1 $17 26. bxc3 Ne4) 26. Qc6 Qxc6+ 27. Nxc6 Rxb2 {[%emt 0:02:14] Hoping for ...Ng4.} 28. Rab1 Ra2 29. Rd4 {[%emt 0:00:09] Repels Ng4} Nd5 {[%emt 0:04:35] Dodges Rb6} 30. Rb7 Nc3 31. a5 g5 32. h4 h6 33. hxg5 hxg5 34. Rg4 Kh7 35. Rb3 $2 {[%emt 0:01:40] White does not recover from this.} (35. Rxg5 $11 Ne4 36. Rh5+ Kg6 37. Rh4 Rxf2+ 38. Kg1) 35... Nd1 $19 36. Rf3 {[%emt 0:00:12] [#]} f5 $1 37. Rxg5 $2 (37. Nb4 Rxf2+ {[%mdl 64] Deflection} 38. Rxf2 Ne3+ 39. Kg1 Nxg4 40. Rf1) 37... Kh6 {[%emt 0:00:15] Black is clearly winning.} 38. Nd4 Re8 ({Stronger than} 38... Kxg5 39. Nxe6+ Kf6 40. Nxf8 $11) 39. Nxe6 Rxe6 40. Rg8 Kh7 41. Rd8 Ne3+ 42. Rxe3 Rxe3 {[%emt 0:00:08] Weighted Error Value: White=0.47/Black=0.14 (very precise)} 0-1

[Event "European Women-ch 2023"]
[Site "Petrovac"]
[Date "2023.03.19"]
[Round "2.20"]
[White "Abdinova, Narmin"]
[Black "Zhezhovska, Monika"]
[Result "0-1"]
[ECO "B36"]
[WhiteElo "2090"]
[BlackElo "1761"]
[Annotator "TA"]
[PlyCount "110"]
[EventDate "2023.03.15"]
[EventType "swiss"]
[EventCountry "MNE"]
[SourceTitle "playchess.com"]
[Source "ChessBase"]
[SourceQuality "1"]
[TimeControl "40/5400+30:1800+30"]

1. e4 c5 2. Nf3 Nc6 3. d4 cxd4 4. Nxd4 Nf6 5. f3 d6 6. c4 g6 7. Nc3 Bg7 {[%emt 0:00:35][%cal Of6e4] B36: Sicilian: Maroczy Bind: Gurgenidze System.} 8. Be2 {[%emt 0:01:24] [#]} (8. Be3 $14) 8... Nxe4 $1 $17 9. Nxc6 Nxc3 {[%emt 0:00:07] Black is better.} 10. Nxd8 Nxd1 11. Nxf7 Kxf7 12. Kxd1 Be6 {[%emt 0:01:32] [#]} 13. Be3 $146 ({Predecessor:} 13. Bg5 b6 14. Kc2 Rhc8 15. Rae1 b5 16. b3 h6 17. Bh4 bxc4 18. b4 Bf5+ 19. Kc1 Bc3 {0-1 Martinez Salas,I (2010)-Dominguez Pons,E (2259) ESP-ch U18 Padron 2008 (4)}) 13... b6 {[%emt 0:02:38][%cal Bb7b6,Bb6b5][%mdl 32] Black is more active.} 14. Kc2 Rhc8 15. Rac1 (15. Rad1 $17 {was worth a try.}) 15... b5 $19 (15... Bxc4 16. Bxc4+ Rxc4+ 17. Kb3 $17) 16. c5 dxc5 ({And not} 16... Bxa2 17. b3 $15) 17. Bd3 c4 18. Be4 Bf5 (18... Rab8 $1 $19 19. Kb1 (19. Bxa7 $2 {too greedy.} Ra8 $19) 19... c3) 19. Bxf5 $17 gxf5 20. Rcd1 Rd8 {[%emt 0:02:27] Against Rd5} 21. g4 e6 (21... b4 $17 22. Bc5 a5 23. gxf5 Bf6) 22. h4 $15 a5 ({Black should play} 22... fxg4 $15 23. fxg4 e5) 23. Bb6 $1 $11 Rd5 {[%emt 0:04:36] ...Ra6 would be deadly.} 24. gxf5 Rxf5 {[%emt 0:08:41] White must now prevent ...Rd5.} 25. Rd7+ Kg8 26. Rg1 Rf7 27. Rd6 Rxf3 28. h5 {[%emt 0:00:01][%cal Oh5h6] aiming for h6!} h6 29. Rxe6 Kf7 30. Rc6 Bf6 31. Rc7+ Ke6 32. Rc6+ Kf7 33. Rc7+ Ke6 34. Re1+ Kd6 35. Rd1+ Rd3 36. Rh7 (36. Rxd3+ $11 {keeps the balance.} cxd3+ 37. Kxd3) 36... Rxd1 $17 {[%emt 0:00:31] White is now going downhill.} 37. Kxd1 {[%emt 0:00:01][%mdl 4096] Endgame KRB-KRB} Bg5 38. Rg7 (38. a4 $17 {is a better defense.}) 38... b4 39. Kc2 $2 (39. b3) 39... a4 $19 {[%emt 0:01:13] Threatens to win with ...b3+.} 40. Bc7+ Kd5 (40... Kc6 $142 {...b3+ is the strong threat.} 41. Rg6+ Kxc7) 41. Rg6 $2 (41. Rf7) 41... Rf8 {[%emt 0:03:39] Strongly threatening ...Rf2+.} 42. b3 Rf2+ 43. Kb1 axb3 44. axb3 c3 45. Rd6+ Kc5 $2 (45... Ke4 $1 {mates} 46. Rc6 Rf1+ 47. Ka2 Kd5 48. Rd6+ Kc5 49. Rg6 c2 50. Bb6+ Kb5 51. Rxg5+ {[%mdl 64] Remove Defender} hxg5 52. Be3 c1=Q 53. Bxc1 Rxc1 54. Kb2 Rc7 55. Kb1 g4 56. h6 g3 57. h7 Rxh7 58. Kc1 g2 59. Kd1 g1=Q+ 60. Ke2 Rh3 61. Kd2 Qg2+ 62. Ke1 Rh1#) 46. Bb6+ Kxd6 47. Bxf2 {[%emt 0:00:05] KB-KB} Kd5 48. Kc2 Be7 $1 49. Be3 Bf8 50. Kd3 {[%emt 0:00:29] [#]} Ke5 $1 {[%emt 0:00:18] ( -> ...Kf5)} 51. Ke2 $2 (51. Bd4+ $19 Kf4 52. Bxc3 bxc3 53. Kxc3) 51... Ke4 {[%emt 0:00:21] Black mates.} 52. Bc1 Bg7 53. Be3 {[%emt 0:00:58] [#]} c2 $1 54. Bc1 Bc3 55. Bxh6 Bb2 {[%emt 0:26:26] Weighted Error Value: White=0.58/Black=0.28 (precise)} 0-1

[Event "European Women-ch 2023"]
[Site "Petrovac"]
[Date "2023.03.19"]
[Round "2.21"]
[White "Pogorelskikh, Sofia"]
[Black "Balajayeva, Khanim"]
[Result "1/2-1/2"]
[ECO "C76"]
[WhiteElo "2102"]
[BlackElo "2372"]
[Annotator "TA"]
[PlyCount "62"]
[EventDate "2023.03.15"]
[EventType "swiss"]
[EventCountry "MNE"]
[SourceTitle "playchess.com"]
[Source "ChessBase"]
[SourceQuality "1"]
[TimeControl "40/5400+30:1800+30"]

1. e4 e5 2. Nf3 Nc6 3. Bb5 a6 4. Ba4 d6 5. c3 Bd7 6. O-O g6 7. d4 Bg7 8. d5 Nce7 9. Bxd7+ Qxd7 10. c4 h6 11. Nc3 f5 12. Nd2 {[%emt 0:05:53] C76: Ruy Lopez: Deferred Steinitz: 5 c3 Bd7 6 d4 g6.} Nf6 13. Rb1 O-O 14. b4 {[%emt 0:03:38] [#] The position is equal.} Rf7 $146 ({Predecessor:} 14... b5 15. Qb3 Kh8 16. a4 fxe4 17. Ndxe4 Nxe4 18. Nxe4 bxc4 19. Qxc4 Qxa4 20. Qxc7 Nxd5 21. Qxd6 {0-1 Indjic,A (2618)-Artemiev,V (2716) Titled Tuesday intern op 20th Oct blitz 2020 (10)}) 15. a4 f4 16. a5 g5 17. c5 Bf8 18. Ba3 Ng6 19. f3 Rg7 20. Qa4 Qc8 21. h3 h5 {[%emt 0:01:00] ...g4 is the strong threat.} 22. Kf2 $1 Nh4 (22... g4 $15 {might be stronger.} 23. hxg4 Nxg4+ 24. fxg4 Qxg4) 23. Rh1 $1 $11 ({But not} 23. Kg1 $2 g4 24. hxg4 Nxg4 25. fxg4 Qxg4 $19) 23... g4 24. hxg4 Nxg4+ 25. Ke2 $1 Nxg2 (25... Be7 $1 $11) 26. Rxh5 $1 $14 Nf6 27. Rh2 Ne3 28. Rbh1 Nh7 ({Black should try} 28... Rg3 $14) 29. Nd1 {[%emt 0:02:11] Some like it hot} Nxd1 30. Kxd1 {[%emt 0:02:29] Threatens to win with Nc4.} Qd8 (30... Qe8 $16 {might work better.} 31. Qc2 Rd8) 31. c6 (31. Nc4 $18 {is more deadly.}) 31... Qe8 {[%emt 0:06:31] Weighted Error Value: White=0.15 (very precise) /Black=0.27 (precise)} 1/2-1/2